 Dungeon Crawl Stone Soup version 0.19.1-1-g22dce08 (webtiles) character file.

54 Megalobster the Conjurer (level 3, -6/19 HPs)
             Began as a Deep Elf Conjurer on Jan 15, 2017.
             Mangled by dngmouse's ghost (11 damage)
             ... on level 3 of the Dungeon.
             The game lasted 00:06:38 (1833 turns).

Megalobster the Conjurer (Deep Elf Conjurer)        Turns: 1833, Time: 00:06:39

Health: -6/19      AC:  6    Str:  6    XL:     3   Next: 66%
Magic:  1/10       EV: 12    Int: 19    God:
Gold:   200        SH:  2    Dex: 15    Spells: 3 memorised, 3 levels left

rFire  . . .     SeeInvis .     u - +0 dagger (venom)
rCold  . . .     Gourm    .     x - +0 robe
rNeg   . . .     Faith    .     q - -1 buckler (curse)
rPois  .         Spirit   .     (no helmet)
rElec  .         Reflect  .     n - +0 cloak
rCorr  .         Harm     .     t - +1 pair of gloves
MR     .....                    m - +0 pair of boots
Stlth  ++........               (no amulet)
                                (no ring)
                                (no ring)

@: no status effects
A: no striking features
a: no special abilities


You were on level 3 of the Dungeon.
You were not hungry.

You visited 1 branch of the dungeon, and saw 3 of its levels.

You collected 200 gold pieces.

Inventory:

Hand Weapons
 i - a +0 dagger
 u - a +0 dagger of venom (weapon)
Armour
 a - a +0 robe
 m - a +0 pair of boots (worn)
 n - a +0 cloak (worn)
 q - a cursed -1 buckler (worn)
 t - a +1 pair of gloves (worn)
 x - a +0 robe (worn)
Scrolls
 e - 3 scrolls of identify {unknown}
 j - a scroll of blinking {unknown}
 l - a scroll of remove curse {unknown}
 p - 3 scrolls of teleportation {unknown}
 r - a scroll of fog {unknown}
 v - a scroll of recharging {unknown}
Potions
 d - a potion of flight {unknown}
 g - a potion of mutation {unknown}
 k - a potion of heal wounds {unknown}
 o - 2 potions of cancellation {unknown}
 s - a potion of invisibility {unknown}
Books
 b - a book of Conjurations

   Spells                             Type                      Level
   a - Magic Dart                     Conjuration                  1
   b - Searing Ray                    Conjuration                  2
   c - Dazzling Spray                 Conjuration/Hexes            3
   d - Fulminant Prism                Conjuration/Hexes            4
   e - Iskenderun's Mystic Blast      Conjuration                  4
   f - Iskenderun's Battlesphere      Conjuration/Charms           5
Comestibles
 c - 2 bread rations
 f - a beef jerky
 h - a meat ration


   Skills:
 - Level 2.4 Dodging
 - Level 2.4 Stealth
 + Level 3.6 Spellcasting
 * Level 5.6 Conjurations


You had 3 spell levels left.
You knew the following spells:

 Your Spells              Type           Power        Failure   Level  Hunger
a - Magic Dart            Conj           ###.         2%          1    None
b - Searing Ray           Conj           ###...       3%          2    ##.....
c - Dazzling Spray        Conj/Hex       ##....       24%         3    ###....


Dungeon Overview and Level Annotations

Branches:
Dungeon (3/15)

Altars:
Gozag

Annotations:
D:3 dngmouse's ghost, amateur HOFi


Message History

Dngmouse's ghost is lightly damaged.
The searing ray misses dngmouse's ghost.
You finish channeling your searing ray.
Dngmouse's ghost misses you.
Casting: Searing Ray
Confirm with . or Enter, or press ? or * to list all spells.
Aiming: Searing Ray
Press: ? - help, Shift-Dir - straight line, f/p - dngmouse's ghost
Aim: dngmouse's ghost (lightly damaged)
The searing ray hits dngmouse's ghost.
Dngmouse's ghost is lightly damaged.
You block dngmouse's ghost's attack.
The searing ray misses dngmouse's ghost.
Dngmouse's ghost hits you!
Ouch! That really hurt!
* * * LOW HITPOINT WARNING * * *
The searing ray hits dngmouse's ghost.
Dngmouse's ghost is lightly damaged.
Dngmouse's ghost hits you!
Ouch! That really hurt!
You die...

#.# ..# # ###.#
# #. ..#.#.#
##..##.#.#.#
#......#...
..>#...#.######
#.....W@....<.#
######.#.######
...#.# #####.#
........#
#########


You could see dngmouse's ghost.

Vanquished Creatures
  2 adders
  A worm (D:2)
  2 leopard geckos (D:1)
  A ball python (D:1)
  2 bats
  5 giant cockroaches
  2 goblins (D:1)
  3 hobgoblins (D:1)
  4 kobolds
  A quokka (D:2)
  3 frilled lizards (D:1)
  5 rats
31 creatures vanquished.

Notes
Turn   | Place    | Note
-------+----------+-------------------------------------------
     0 | D:1      | Megalobster the Deep Elf Conjurer began the quest for the Orb.
     0 | D:1      | Reached XP level 1. HP: 10/10 MP: 6/6
   224 | D:1      | Reached XP level 2. HP: 15/15 MP: 6/8
   229 | D:1      | Learned a level 2 spell: Searing Ray
   337 | D:1      | Reached skill level 5 in Conjurations
   889 | D:2      | Reached XP level 3. HP: 19/19 MP: 7/10
   897 | D:2      | Learned a level 3 spell: Dazzling Spray
  1374 | D:2      | Found an opulent altar of Gozag.
  1811 | D:3      | Noticed dngmouse's ghost (amateur HOFi)
  1833 | D:3      | Mangled by dngmouse's ghost

Skill      XL: |  1  2 |
---------------+-------+-----
Conjurations   | 5 |  5.6
Dodging        | |  2.4
Stealth        | |  2.4
Spellcasting   | |  3.6

Action                   || total
-------------------------++-------
 Cast: Magic Dart        ||    50
       Searing Ray       ||     6
  Eat: Chunk             ||     3
Armor: Robe              ||     1
Dodge: Dodged            ||     2
Block: Buckler           ||     2
